PIO (24 & UNDER)
SALEM SLEDGEHAMMERS @ SASKATOON SMOKIN' GUNS
08/13/2028
 
TOP OF THE 1ST
Salem Sledgehammers batting - Pitching for Saskatoon Smokin' Guns : RHP José Fernández
Pitching: RHP José Fernández
Batting: RHB Ben Simpson 0-0: Fly out, F7 (Flyball, 78D)
Batting: SHB Ángel Estrada 0-0: Ball
1-0: Ball
2-0: Called Strike
2-1: Foul Ball, location: 2F
2-2: Foul Ball, location: 2F
2-2: Strikes out looking
Batting: RHB Juan Morales 0-0: Ball
1-0: Swinging Strike
1-1: Swinging Strike
1-2: Ball
2-2: Strikes out swinging
Top of the 1st over - 0 run(s), 0 hit(s), 0 error(s), 0 left on base; Salem 0 - Saskatoon 0
BOTTOM OF THE 1ST
Saskatoon Smokin' Guns batting - Pitching for Salem Sledgehammers : RHP Bret Oliver
Pitching: RHP Bret Oliver
Batting: RHB Pedro Cabrera 0-0: Ball
1-0: Ball
2-0: Ground out U3 (Groundball, 34)
Batting: RHB Julián García 0-0: Ball
1-0: Ball
2-0: Ball
3-0: Called Strike
3-1: SINGLE (Flyball, 8LS)
Batting: LHB Bo Rush 0-0: Ball
1-0: Ball
2-0: Called Strike
Julián García steals 2nd base
2-1: Ball
3-1: Swinging Strike
3-2: Foul Ball, location: 2F
3-2: Foul Ball, location: 2F
3-2: Foul Ball, location: 2F
3-2: SINGLE (Groundball, 25) (infield hit)
Julián García to third
Batting: RHB Rafael Gonzáles 0-0: Ball
1-0: Ball
Wild Pitch!
Julián García scores
Bo Rush to second
2-0: SINGLE (Groundball, 34D)
Bo Rush to third
Runner from 3rd tries for Home, SAFE, throw made home
Rafael Gonzáles to second
Batting: LHB José Domínguez 0-0: Hit by Pitch
Batting: RHB Joaquín Luna 0-0: Ball
1-0: Ball
2-0: Foul Ball, location: 2F
2-1: Ball
3-1: Foul Ball, location: 2F
3-2: Foul Ball, location: 2F
3-2: Strikes out swinging
Batting: LHB Rubén Salazar 0-0: Ball
1-0: SINGLE (Groundball, 5D)
Rafael Gonzáles to third
José Domínguez to second
Runner from 3rd tries for Home, SAFE, no throw
Batting: RHB Johnny Hawson 0-0: Fly out, F7 (Flyball, 7LD)
Bottom of the 1st over - 3 run(s), 4 hit(s), 0 error(s), 2 left on base; Salem 0 - Saskatoon 3
TOP OF THE 2ND
Salem Sledgehammers batting - Pitching for Saskatoon Smokin' Guns : RHP José Fernández
Batting: RHB John Burton 0-0: Ball
1-0: Foul Ball, location: 2F
1-1: Ball
2-1: Ball
3-1: Fly out, F7 (Flyball, 7)
Batting: RHB Brandon Sharp 0-0: Foul Ball, location: 2F
0-1: Ball
1-1: Swinging Strike
1-2: Fly out, F8 (Flyball, 8LM)
Batting: SHB Carlos Ramírez 0-0: Ball
1-0: Ball
2-0: Called Strike
2-1: Ball
3-1: Called Strike
3-2: Base on Balls
Batting: RHB Timothy Foster 0-0: Called Strike
0-1: Ball
1-1: Ball
Carlos Ramírez steals 2nd base
2-1: Called Strike
2-2: Ball
3-2: Strikes out swinging
Top of the 2nd over - 0 run(s), 0 hit(s), 0 error(s), 1 left on base; Salem 0 - Saskatoon 3
BOTTOM OF THE 2ND
Saskatoon Smokin' Guns batting - Pitching for Salem Sledgehammers : RHP Bret Oliver
Batting: RHB Artie Turner 0-0: Ball
1-0: Foul Ball, location: 2F
1-1: Ball
2-1: Foul Ball, location: 2F
2-2: Ball
3-2: Foul Ball, location: 2F
3-2: Strikes out swinging
Batting: RHB Pedro Cabrera 0-0: Ball
1-0: SINGLE (Groundball, 56D)
Batting: RHB Julián García 0-0: Ball
1-0: Foul Ball, location: 2F
1-1: Ball
2-1: Fly out, F8 (Flyball, 8RM)
Batting: LHB Bo Rush 0-0: Foul Ball, location: 2F
0-1: Ball
Pedro Cabrera is caught stealing 2nd base
Bottom of the 2nd over - 0 run(s), 1 hit(s), 0 error(s), 0 left on base; Salem 0 - Saskatoon 3
TOP OF THE 3RD
Salem Sledgehammers batting - Pitching for Saskatoon Smokin' Guns : RHP José Fernández
Batting: RHB Roberto Landavazo 0-0: Reached on error, E5 (Groundball, 56)
Batting: RHB Joe Wright 0-0: Ball
1-0: Ground out 6-3 (Groundball, 56)
Batting: RHB Ben Simpson 0-0: Ball
Wild Pitch!
Roberto Landavazo to third
1-0: Ball
2-0: Called Strike
2-1: Called Strike
2-2: Foul Ball, location: 2F
2-2: Ball
3-2: Foul Ball, location: 2F
3-2: Base on Balls
Batting: SHB Ángel Estrada 0-0: Ball
1-0: Ball
2-0: Fly out, F8 (Flyball, 8LS)
Batting: RHB Juan Morales 0-0: Ball
1-0: Called Strike
Ben Simpson steals 2nd base
1-1: DOUBLE (Flyball, 89M)
Roberto Landavazo scores
Ben Simpson scores
Batting: RHB John Burton 0-0: Called Strike
0-1: Swinging Strike
0-2: Foul Ball, location: 2F
0-2: Ball
Balk!
Juan Morales to third
1-2: Ground out 5-3 (Groundball, 5)
Top of the 3rd over - 2 run(s), 1 hit(s), 1 error(s), 1 left on base; Salem 2 - Saskatoon 3
BOTTOM OF THE 3RD
Saskatoon Smokin' Guns batting - Pitching for Salem Sledgehammers : RHP Bret Oliver
Batting: LHB Bo Rush 0-0: Called Strike
0-1: Foul Ball, location: 2F
0-2: Ball
1-2: Foul Ball, location: 2F
1-2: Ball
2-2: Fly out, F8 (Line Drive, 8RM)
Batting: RHB Rafael Gonzáles 0-0: Called Strike
0-1: Foul Ball, location: 2F
0-2: Foul Ball, location: 2F
0-2: Strikes out swinging
Batting: LHB José Domínguez 0-0: Called Strike
0-1: SINGLE (Flyball, 78S)
Batting: RHB Joaquín Luna 0-0: Ball
1-0: Ball
2-0: Called Strike
2-1: Ground out 3-1 (Groundball, 23)
Bottom of the 3rd over - 0 run(s), 1 hit(s), 0 error(s), 1 left on base; Salem 2 - Saskatoon 3
TOP OF THE 4TH
Salem Sledgehammers batting - Pitching for Saskatoon Smokin' Guns : RHP José Fernández
Batting: RHB Brandon Sharp 0-0: Called Strike
0-1: Swinging Strike
0-2: Strikes out swinging
Batting: SHB Carlos Ramírez 0-0: Ball
1-0: Swinging Strike
1-1: Foul Ball, location: 2F
1-2: Ball
2-2: Strikes out swinging
Batting: RHB Timothy Foster 0-0: Ball
1-0: Ball
2-0: Bunted foul
2-1: Foul Ball, location: 2F
2-2: SINGLE (Groundball, 4) (infield hit)
Batting: RHB Roberto Landavazo 0-0: Called Strike
0-1: Foul Ball, location: 2F
0-2: Ball
Timothy Foster steals 2nd base
1-2: Ball
2-2: Strikes out swinging
Top of the 4th over - 0 run(s), 1 hit(s), 0 error(s), 1 left on base; Salem 2 - Saskatoon 3
BOTTOM OF THE 4TH
Saskatoon Smokin' Guns batting - Pitching for Salem Sledgehammers : RHP Bret Oliver
Batting: LHB Rubén Salazar 0-0: Ball
1-0: Ball
2-0: Ball
3-0: Called Strike
3-1: Called Strike
3-2: Foul Ball, location: 2F
3-2: Foul Ball, location: 2F
3-2: Base on Balls
Batting: RHB Johnny Hawson 0-0: Ball
1-0: Fly out, F8 (Flyball, 8LD)
Runner from 1st tags up, SAFE at 2nd
Batting: RHB Artie Turner 0-0: Foul Ball, location: 2F
0-1: Ball
1-1: Foul Ball, location: 2F
1-2: Ball
2-2: Strikes out swinging
Batting: RHB Pedro Cabrera 0-0: Fly out, F8 (Flyball, 8LXD)
Bottom of the 4th over - 0 run(s), 0 hit(s), 0 error(s), 1 left on base; Salem 2 - Saskatoon 3
TOP OF THE 5TH
Salem Sledgehammers batting - Pitching for Saskatoon Smokin' Guns : RHP José Fernández
Batting: RHB Joe Wright 0-0: Foul Ball, location: 2F
0-1: SINGLE (Groundball, 6MD)
Batting: RHB Ben Simpson 0-0: Called Strike
0-1: Ball
1-1: SINGLE (Groundball, 6MD)
Joe Wright to second
Runner from 2nd tries for 3rd, SAFE, throw made to third
Batting: SHB Ángel Estrada 0-0: Called Strike
0-1: Swinging Strike
0-2: Foul Ball, location: 2F
0-2: Strikes out swinging
Batting: RHB Juan Morales 0-0: Ball
1-0: Swinging Strike
1-1: Called Strike
1-2: Strikes out swinging
Pitching: RHP Julián García
Batting: RHB John Burton 0-0: Ball
1-0: Ball
2-0: Ball
3-0: Base on Balls
Ben Simpson to second
Batting: RHB Brandon Sharp 0-0: Ball
1-0: Fly out, F7 (Flyball, 78S)
Top of the 5th over - 0 run(s), 2 hit(s), 0 error(s), 3 left on base; Salem 2 - Saskatoon 3
BOTTOM OF THE 5TH
Saskatoon Smokin' Guns batting - Pitching for Salem Sledgehammers : RHP Bret Oliver
Batting: RHB Julián García 0-0: Called Strike
0-1: Called Strike
0-2: Ground out 5-3 (Groundball, 56)
Batting: LHB Bo Rush 0-0: Ball
1-0: Ball
2-0: Called Strike
2-1: Called Strike
2-2: Ball
3-2: Base on Balls
Pitching: RHP Leslie Simpson
Batting: RHB Rafael Gonzáles 0-0: Called Strike
0-1: Ball
1-1: Foul Ball, location: 2F
1-2: Strikes out looking
Batting: LHB José Domínguez 0-0: Ball
1-0: Ball
2-0: Called Strike
2-1: Foul Ball, location: 2F
2-2: Hit by Pitch
Bo Rush to second
Batting: RHB Joaquín Luna 0-0: Called Strike
0-1: Called Strike
0-2: Strikes out looking
Bottom of the 5th over - 0 run(s), 0 hit(s), 0 error(s), 2 left on base; Salem 2 - Saskatoon 3
TOP OF THE 6TH
Salem Sledgehammers batting - Pitching for Saskatoon Smokin' Guns : RHP Julián García
Batting: SHB Carlos Ramírez 0-0: Ball
1-0: Ball
2-0: Ball
3-0: Base on Balls
Batting: RHB Timothy Foster 0-0: Called Strike
Carlos Ramírez is caught stealing 2nd base
0-1: Foul Ball, location: 2F
0-2: Foul Ball, location: 2F
0-2: Strikes out swinging
Batting: RHB Roberto Landavazo 0-0: Called Strike
0-1: Foul Ball, location: 2F
0-2: Ball
1-2: Ball
2-2: Ball
3-2: SINGLE (Groundball, 6D)
Batting: RHB Joe Wright 0-0: Ball
1-0: Fly out, F7 (Flyball, 78M)
Top of the 6th over - 0 run(s), 1 hit(s), 0 error(s), 1 left on base; Salem 2 - Saskatoon 3
BOTTOM OF THE 6TH
Saskatoon Smokin' Guns batting - Pitching for Salem Sledgehammers : RHP Leslie Simpson
Batting: LHB Rubén Salazar 0-0: Called Strike
0-1: Ball
1-1: Ball
2-1: Ball
3-1: Foul Ball, location: 2F
3-2: Base on Balls
Batting: RHB Johnny Hawson 0-0: Ball
1-0: Ball
2-0: Ball
3-0: Base on Balls
Rubén Salazar to second
Batting: RHB Artie Turner 0-0: Swinging Strike
0-1: Ball
Rubén Salazar is caught stealing 3rd base
Johnny Hawson to second
1-1: Called Strike
1-2: Ball
2-2: SINGLE (Groundball, 4MD)
Johnny Hawson to third
Runner from 3rd tries for Home, throw and OUT!
Batting: RHB Pedro Cabrera 0-0: Ball
1-0: Called Strike
1-1: Ball
2-1: Swinging Strike
2-2: Foul Ball, location: 2F
2-2: Foul Ball, location: 2F
2-2: Foul Ball, location: 2F
2-2: Ball
3-2: Base on Balls
Artie Turner to second
Batting: RHB Julián García 0-0: Ball
1-0: Swinging Strike
1-1: Called Strike
1-2: Strikes out swinging
Bottom of the 6th over - 0 run(s), 1 hit(s), 0 error(s), 2 left on base; Salem 2 - Saskatoon 3
TOP OF THE 7TH
Salem Sledgehammers batting - Pitching for Saskatoon Smokin' Guns : RHP Julián García
Batting: RHB Ben Simpson 0-0: Fly out, F6 (Popup, 6MD)
Batting: SHB Ángel Estrada 0-0: Ball
1-0: Ball
2-0: Ball
3-0: Called Strike
3-1: Swinging Strike
3-2: Foul Ball, location: 2F
3-2: Ground out U3 (Groundball, 3)
Batting: RHB Juan Morales 0-0: Called Strike
0-1: Swinging Strike
0-2: Strikes out looking
Top of the 7th over - 0 run(s), 0 hit(s), 0 error(s), 0 left on base; Salem 2 - Saskatoon 3
BOTTOM OF THE 7TH
Saskatoon Smokin' Guns batting - Pitching for Salem Sledgehammers : RHP Leslie Simpson
Batting: LHB Bo Rush 0-0: Called Strike
0-1: Ball
1-1: Called Strike
1-2: Fly out, F6 (Popup, 6S)
Batting: RHB Rafael Gonzáles 0-0: Ball
1-0: Ball
2-0: Ball
3-0: Base on Balls
Batting: LHB José Domínguez 0-0: Fly out, F9 (Line Drive, 34D)
Pinch Hitting: RHB Justin Geoghegan 0-0: Ball
Rafael Gonzáles is caught stealing 2nd base
Bottom of the 7th over - 0 run(s), 0 hit(s), 0 error(s), 0 left on base; Salem 2 - Saskatoon 3
TOP OF THE 8TH
Salem Sledgehammers batting - Pitching for Saskatoon Smokin' Guns : RHP Julián García
Pitching: RHP Bernardo García
Now at 2B: Ty Adams
Batting: RHB John Burton 0-0: Called Strike
0-1: Ball
1-1: Ball
2-1: Swinging Strike
2-2: Ball
3-2: Ground out 5-3 (Groundball, 5L)
Batting: RHB Brandon Sharp 0-0: Foul Ball, location: 2F
0-1: Called Strike
0-2: Ball
1-2: Strikes out swinging
Batting: SHB Carlos Ramírez 0-0: Ball
1-0: Foul Ball, location: 2F
1-1: Ground out 3-1 (Groundball, 34)
Top of the 8th over - 0 run(s), 0 hit(s), 0 error(s), 0 left on base; Salem 2 - Saskatoon 3
BOTTOM OF THE 8TH
Saskatoon Smokin' Guns batting - Pitching for Salem Sledgehammers : RHP Leslie Simpson
Batting: RHB Ty Adams 0-0: Ball
1-0: Fly out, F8 (Flyball, 8LM)
Batting: LHB Rubén Salazar 0-0: Ball
1-0: Ball
2-0: Ball
3-0: Called Strike
3-1: Base on Balls
Batting: RHB Johnny Hawson 0-0: Ball
Rubén Salazar is caught stealing 2nd base
1-0: Swinging Strike
1-1: Swinging Strike
1-2: SINGLE (Groundball, 34S) (infield hit)
Batting: RHB Artie Turner 0-0: Fly out, F9 (Line Drive, 89M)
Bottom of the 8th over - 0 run(s), 1 hit(s), 0 error(s), 1 left on base; Salem 2 - Saskatoon 3
TOP OF THE 9TH
Salem Sledgehammers batting - Pitching for Saskatoon Smokin' Guns : RHP Bernardo García
Pitching: LHP Pedro González
Pinch Hitting: RHB Steve West 0-0: Swinging Strike
0-1: Foul Ball, location: 2F
0-2: Ball
1-2: Ground out 1-3 (Groundball, 13)
Pinch Hitting: RHB Rich Crabtree 0-0: Called Strike
0-1: Ball
1-1: Foul Ball, location: 2F
1-2: Foul Ball, location: 2F
1-2: Ball
2-2: Ball
3-2: Foul Ball, location: 2F
3-2: Foul Ball, location: 2F
3-2: Strikes out swinging
Batting: RHB Joe Wright 0-0: Swinging Strike
0-1: Ball
1-1: Ball
2-1: Called Strike
2-2: Strikes out swinging
Top of the 9th over - 0 run(s), 0 hit(s), 0 error(s), 0 left on base; Salem 2 - Saskatoon 3
Tuesday, August 8th, 2017 - OOTP Baseball 17.12 Build 75